 Dungeon Crawl Stone Soup version bcrawl-1.28.1b (webtiles) character file.

Game seed: 10428471854456722223

186233 Morbidden the Magician (level 7, -5/40 HPs)
             Began as a Skeleton Necromancer on Dec 14, 2020.
             Was an Initiate of Vehumet.
             Slain by an ogre
             ... wielding a +0 giant club
              (11 damage)
             ... on level 4 of the Dungeon.
             The game lasted 00:06:58 (4131 turns).

Morbidden the Magician (Skeleton Necromancer)       Turns: 4131, Time: 00:06:59

Health: -5/40      AC:  5    Str: 15      XL:     7   Next: 11%
Magic:  0/15       EV:  8    Int: 15      God:    Vehumet [......]
Gold:   257        SH:  7    Dex:  8 (9)  Spells: 12/17 levels left

rFire    . . .     SeeInvis .   a - +1 dagger (elec)
rCold    + . .     Gourm    .   j - -1 medium shield (curse)
rNeg     + + +     Faith    .   i - +0 leather armour
rPois    ∞         Spirit   +   g - +0 helmet (curse)
rElec    +         Reflect  .   (no cloak)
rCorr    .         Harm     .   (no gloves)
MR       +....                  b - +0 pair of boots
Stlth    ++........             (no amulet)
HPRegen  0.13/turn              h - ring of insulation
MPRegen  0.14/turn              (no ring)

@: no status effects
A: no food or potions, cold resistance 1, deterioration 1, negative energy
resistance 3, powered by death 1, torment resistance, unbreathing, magic shield,
sturdy frame 1, spell healing
a: Renounce Religion


You were on level 4 of the Dungeon.
You worshipped Vehumet.
Vehumet was noncommittal.
You were not hungry.

You visited 1 branch of the dungeon, and saw 4 of its levels.
You also visited: Sewer.

You collected 257 gold pieces.

Inventory:

Hand Weapons
 a - a +1 dagger of electrocution (weapon)
Missiles
 e - 129 javelins (quivered)
Armour
 b - a +0 pair of boots (worn)
 g - a cursed +0 helmet (worn)
 i - a +0 leather armour (worn)
 j - a cursed -1 medium shield (worn)
Jewellery
 c - a cursed ring of resist corrosion
 h - a ring of insulation (left hand)
Scrolls
 d - 2 scrolls of identify
 f - a scroll of amnesia


   Skills:
 * Level 2.8 Fighting
 + Level 3.1 Short Blades
 + Level 0.5 Throwing
 + Level 2.8 Dodging
 + Level 3.1 Stealth
 * Level 2.4 Shields
 * Level 5.9 Spellcasting
 + Level 5.5 Necromancy


You had 12 spell levels left.
You knew the following spells:

 Your Spells              Type           Power        Failure   Level  Hunger
a - Pain                  Necr           ###...       30%         1    N/A
b - Animate Skeleton      Necr           N/A          30%         1    N/A
z - Vampiric Draining     Necr           ###.......   67%         3    N/A

Your spell library contained the following spells:

 Spells                   Type           Power        Failure   Level  Hunger
 Animate Dead             Necr           N/A          97%         4    N/A
 Bolt of Draining         Conj/Necr      ##........   100%        5    N/A
 Regeneration             Chrm/Necr      Unusable     N/A         3    N/A

Dungeon Overview and Level Annotations

Branches:
Dungeon (4/12)
 Temple: D:4-7

Altars:
Lugonu
Makhleb
Nemelex Xobeh
Vehumet


Innate Abilities, Weirdness & Mutations

You do not eat or drink.
You are immune to poison.
Your flesh is cold resistant. (rC+)
Your body sometimes deteriorates upon taking damage.
You are immune to negative energy. (rN+++)
You regenerate a little health from kills.
You are immune to unholy pain and torment.
You can survive without breathing.
When hurt, damage is shared between your health and your magic reserves.
Your movements are slightly less encumbered by armour. (ER -2)
Casting spells heals you.


Message History

The ogre hits you with a +0 giant club.
You hit the ogre.
The ogre is moderately wounded.
No path to travel!
You barely miss the ogre.
The ogre is moderately wounded.
The ogre barely misses you.
You closely miss the ogre.
The ogre is moderately wounded.
The ogre hits you with a +0 giant club!!
* * * LOW HITPOINT WARNING * * *
Your body deteriorates!
You feel clumsy.
No path to travel!
You hit the ogre.
The ogre is moderately wounded.
The ogre hits you with a +0 giant club!
* * * LOW HITPOINT WARNING * * *
No path to travel!
The ogre hits you with a +0 giant club!
You die...

#############.###
#.##.
................#
#.##.
#####.#########(#
#.##. .####.#####
#.# #.##.
..........# #.#
#.##. .####.###.#
#.# #..#. #.# #.#
#.######## #...#
#.###.##
#.##.....######....
#####.##...# #.@O.#
#......†.#..
.........#.##
####.# #........#).
#####.......#
#.###.######.###
#####...# #.....#
#.#.. #...# ###.###
#.#.. #...# #.#
#.... #...# #.#
#...# #...# #.#
##### #...# #.#


You could see an ogre.

Vanquished Creatures
  Eustachio (D:4)
  A big kobold (Sewer)
  A scorpion (D:3)
  A crimson imp (D:4)
  A hound (D:4)
  An orc wizard (D:3)
  7 adders
  3 gnolls (D:2)
  3 river rats (Sewer)
  3 oozes (D:3)
  6 worms
  3 dart slugs
  4 leopard geckos
  2 orcs
  4 bats
  4 giant cockroaches
  2 goblins
  2 hobgoblins
  6 jackals
  13 kobolds
  4 quokkas
  A ball python (D:1)
  2 frilled lizards
  7 rats
82 creatures vanquished.

Notes
Turn   | Place    | Note
-------+----------+-------------------------------------------
     0 | D:1      | Morbidden the Skeleton Necromancer began the quest for the
                  | Orb.
     0 | D:1      | Reached XP level 1. HP: 10/10 MP: 4/4
   131 | D:1      | Reached XP level 2. HP: 15/15 MP: 0/6
  1181 | D:2      | Reached XP level 3. HP: 20/20 MP: 1/8
  1187 | D:2      | Reached skill level 5 in Necromancy
  1196 | D:2      | Reached skill level 1 in Fighting
  1939 | D:2      | Reached XP level 4. HP: 25/25 MP: 8/10
  2162 | D:2      | Learned a level 3 spell: Vampiric Draining
  2501 | D:3      | Reached skill level 1 in Short Blades
  2512 | D:3      | Reached XP level 5. HP: 29/29 MP: 12/12
  2581 | D:3      | Found a faded altar of an unknown god.
  2664 | D:3      | Reached skill level 5 in Spellcasting
  3412 | D:4      | Found a glowing drain.
  3420 | Sewer    | Entered a sewer
  3427 | Sewer    | Reached skill level 1 in Shields
  3427 | Sewer    | Gained mutation: You regenerate a little health from kills.
                  | [Skeleton growth]
  3427 | Sewer    | Reached XP level 6. HP: 32/35 MP: 12/14
  3680 | Sewer    | Found a white marble altar of Elyvilon.
  3911 | D:4      | Found a radiant altar of Vehumet.
  3911 | D:4      | Found a corrupted altar of Lugonu.
  3911 | D:4      | Found a sparkling altar of Nemelex Xobeh.
  3933 | D:4      | Became a worshipper of Vehumet
  3943 | D:4      | Found a burning altar of Makhleb.
  3973 | D:4      | Noticed Eustachio
  3987 | D:4      | Killed Eustachio
  3988 | D:4      | Reached XP level 7. HP: 21/40 MP: 6/15
  4131 | D:4      | Slain by an ogre

Skill      XL: |  1  2  3  4  5  6 |
---------------+-------------------+-----
Spellcasting   | 4 5 |  5.9
Necromancy     | 5 |  5.5
Fighting       | 1 2 |  2.8
Short Blades   | 1 3 |  3.1
Shields        | 1 2 |  2.4
Stealth        | 3 |  3.1
Throwing       | |  0.5
Dodging        | |  2.8

Action                   |  1- 3 |  4- 6 |  7- 9 || total
-------------------------+-------+-------+-------++-------
Melee: Dagger            |    13 |   232 |     6 ||   251
Throw: Javelin           |     2 |     7 |       ||     9
 Cast: Pain              |    66 |    13 |       ||    79
  Use: Scroll            |       |     7 |       ||     7
 Stab: Sleeping          |       |     3 |       ||     3
Armor: Robe              |     2 |       |       ||     2
       Leather armour    |       |    78 |       ||    78
Dodge: Dodged            |    15 |    71 |     1 ||    87
Block: Medium shield     |       |    64 |       ||    64
